 Dungeon Crawl Stone Soup version 0.25-a0-631-gc915619 (webtiles) character file.

Game seed: 16519410119471587961, levelgen mode: deterministic

865 Charmandara the Chiller (level 8, -2/72 HPs)
             Began as an Octopode Ice Elementalist on Mar 19, 2020.
             Was a Follower of Kikubaaqudgha.
             Killed from afar by Dowan (17 damage)
             ... with a shard of ice
             ... on level 4 of the Dungeon.
             The game lasted 00:16:50 (4071 turns).

Charmandara the Chiller (Octopode Ice Elementalist) Turns: 4071, Time: 00:16:51

Health: -2/72      AC: 24    Str:  8    XL:     8   Next: 3%
Magic:  13/15      EV:  2    Int: 19    God:    Kikubaaqudgha [*.....]
Gold:   116        SH:  0    Dex: 12    Spells: 1/16 levels left

rFire    . . .     SeeInvis .   p - +6 quarterstaff (chaos)
rCold    . . .     Gourm    .   (shield currently unavailable)
rNeg     + + +     Faith    +   (helmet currently unavailable)
rPois    +         Spirit   .   t - amulet of faith {Faith, !P}
rElec    .         Reflect  .   r - ring of poison resistance {rPois, !d}
rCorr    .         Harm     .   (no ring)
MR       .....     NoTele   +   (no ring)
Stlth    +.........             (no ring)
HPRegen  0.22/turn              (no ring)
MPRegen  0.14/turn              (no ring)
                                (no ring)
                                (no ring)

@: tree-form, glowing
A: almost no armour, stealthy swim, (amphibious), 8 rings, (constrict 8)
a: Receive Corpses, Renounce Religion


You were on level 4 of the Dungeon.
You worshipped Kikubaaqudgha.
Kikubaaqudgha was aware of your devotion.
You were not hungry.
You were a tree.
You visited 1 branch of the dungeon, and saw 4 of its levels.
You also visited: Sewer.

You collected 116 gold pieces.

Inventory:

Hand Weapons
 a - a +0 hunting sling
   (You found it on level 1 of the Dungeon)
 b - a +1 dagger of holy wrath
   (You took it off a kobold on level 1 of the Dungeon)
 f - a +0 mace
   (You found it on level 1 of the Dungeon)
 l - a +0 whip
   (You found it on level 1 of the Dungeon)
 m - a +0 spear
   (You found it on level 1 of the Dungeon)
 p - a +6 quarterstaff of chaos (weapon)
   (You took it off Crazy Yiuf on level 2 of the Dungeon)
 w - a +0 arbalest
   (You found it on level 3 of the Dungeon)
Missiles
 i - 65 arrows
 j - 109 stones (quivered)
 o - 31 sling bullets
 x - 10 boomerangs
Jewellery
 r - a ring of poison resistance (left branch) {rPois, !d}
   (You took it off a hobgoblin on level 2 of the Dungeon)
 t - an amulet of faith (around neck) {Faith, !P}
   (You found it on level 2 of the Dungeon)
Scrolls
 c - 3 scrolls of fear
 n - 3 scrolls of fog
 s - a scroll of remove curse
 y - 3 scrolls of teleportation
 z - a scroll of magic mapping {!r}
Potions
 e - a potion of berserk rage {!q}
 g - a potion of resistance
 k - a potion of haste
 q - 2 potions of lignification {!q}
 u - a potion of magic
Comestibles
 d - 6 rations
 h - 4 chunks of flesh {@w0}


   Skills:
 + Level 1.1 Fighting
 + Level 1.1 Staves
 - Level 2.0 Dodging
 - Level 2.6 Stealth
 + Level 4.8 Spellcasting
 - Level 1.0 Conjurations
 - Level 1.0 Charms
 - Level 2.1 Summonings
 + Level 1.2 Necromancy
 + Level 7.2 Ice Magic


You had one spell level left.
You knew the following spells:

 Your Spells              Type           Power        Failure   Level  Hunger
a - Freeze                Ice            ####         1%          1    None
b - Frozen Ramparts       Ice            ####..       1%          3    ##.....
h - Hailstorm             Conj/Ice       ###.....     22%         4    ####...
s - Summon Ice Beast      Ice/Summ       ###.....     19%         4    ####...
A - Ozocubu's Armour      Chrm/Ice       ###.....     7%          3    ##.....

Your spell library contained the following spells:

 Spells                   Type           Power        Failure   Level  Hunger
 Animate Skeleton         Necr           N/A          8%          1    None
 Pain                     Necr           #...         8%          1    None
 Sublimation of Blood     Necr           #.........   12%         2    #......
 Vampiric Draining        Necr           #.........   22%         3    ##.....


Dungeon Overview and Level Annotations

Branches:
Dungeon (4/15)              Sewer (visited)
 Temple: D:4-7

Altars:
Kikubaaqudgha

Annotations:
D:4 Dowan


Innate Abilities, Weirdness & Mutations

You cannot wear most types of armour.
You are very stealthy in the water. (Stealth+)
((You are amphibious.))
You can wear up to eight rings at the same time.
((You can use your tentacles to constrict eight enemies at once.))
((Your skin changes colour to match your surroundings (Stealth+).))
((Your rubbery body absorbs attacks. (AC +1, EV +1)))
((You are partially covered in thin metallic scales. (AC +2)))
((Your flesh is cold resistant. (rC+)))


Message History

Dowan points at you and mumbles some strange words.
The puff of flame hits you!
Duvessa shouts!
You take 8 damage, and have 34/42 hp.
Duvessa says, "Where magic fails, the sword succeeds!"
The walls around you are covered in icicles.
The walls release a blast of icicles at Dowan!
Dowan is encased in ice.
The walls release a blast of icicles at Duvessa!
Duvessa is encased in ice.
You now have 11/14 mp.
You aren't carrying any items that you can evoke.
Unknown command.
Okay, then.
You closely miss Dowan. Your grab misses Dowan.
The walls release a blast of icicles at Dowan!
Dowan hits you but does no damage.
The walls release a blast of icicles at Duvessa!
The walls release a blast of icicles at the giant cockroach!
The giant cockroach is encased in ice.
You hit Duvessa. Your grab misses Duvessa.
Duvessa is no longer encased in ice.
Dowan is no longer encased in ice.
The walls release a blast of icicles at the giant cockroach!
The giant cockroach waves its antennae.
The walls release a blast of icicles at Dowan!
Dowan is encased in ice.
You hit Duvessa. You grab Duvessa.
You constrict Duvessa, but do no damage.
The giant cockroach is no longer encased in ice.
The walls release a blast of icicles at the giant cockroach!
The walls release a blast of icicles at Duvessa!
Duvessa misses you.
The walls release a blast of icicles at the giant cockroach!
The walls release a blast of icicles at Dowan!
Dowan mumbles some strange words.
Dowan blinks!
The walls release a blast of icicles at Duvessa!
Duvessa is encased in ice.
Duvessa hits you with a +0 short sword!
You take 8 damage, and have 27/42 hp.
You release your grip on Duvessa.
The walls release a blast of icicles at the giant cockroach!
The giant cockroach is encased in ice.
The giant cockroach bites you but does no damage.
The walls release a blast of icicles at Dowan!
Dowan gestures at you while chanting. You resist with some effort.
The walls release a blast of icicles at Duvessa!
Duvessa misses you.
You hit Duvessa. You grab Duvessa.
The frozen ramparts melt away.
You constrict Duvessa, but do no damage.
Duvessa is no longer encased in ice.
Dowan is no longer encased in ice.
The giant cockroach closely misses you. Dowan casts a spell at you.
The puff of frost hits you. You resist. Duvessa barely misses you.
The giant cockroach bites you but does no damage.
You take 2 damage, and have 25/42 hp.
You completely miss Duvessa. You constrict Duvessa.
The giant cockroach is no longer encased in ice.
The giant cockroach misses you. Duvessa hits you with a +0 short sword.
You take 3 damage, and have 22/42 hp.
You hit Duvessa but do no damage.
Duvessa is moving more slowly.
You constrict Duvessa, but do no damage.
The giant cockroach misses you. Duvessa completely misses you.
The giant cockroach closely misses you.
You hit Duvessa but do no damage. You squeeze Duvessa.
You constrict Duvessa, but do no damage.
Duvessa hits you with a +0 short sword! The giant cockroach bites you.
Duvessa hits you with a +0 short sword.
* * * LOW HITPOINT WARNING * * *
You take 14 damage, and have 8/42 hp.
MASSIVE DAMAGE!!
Really quaff
q - 3 potions of lignification {!q}?
Really quaff the potion of lignification?
Okay, then.
Really quaff
q - 3 potions of lignification {!q}?
Really quaff the potion of lignification?
You turn into a tree.
Your roots penetrate the ground.
You lose your grip on Duvessa.
Dowan casts a spell at you.
You are outlined in light.
The giant cockroach bites you but does no damage.
Duvessa barely misses you.
You now have 12/63 hp.
Unknown command.
You hit Duvessa. Lightning courses through Duvessa!
You kill Duvessa!
Kikubaaqudgha accepts your kill.
Dowan seems overcome with grief, but rights himself reflexively soon after.
Dowan seems to find hidden reserves of power!
Your Fighting skill increases to level 1!
Your Staves skill increases to level 1!
Your Necromancy skill increases to level 1!
You have reached level 8!
Dowan casts a spell at you.
The stone arrow hits you but does no damage.
The giant cockroach bites you but does no damage.
Dowan points at you and mumbles some strange words.
The shard of ice hits you!
You die...
Kikubaaqudgha rasps: "You have failed me!
Welcome... death!"

***,,** ##.......## ##.##.#
**,,,***#.........####...#.##
*,,,,,,,+s........+..........
*,*,,***#.........####...#.##
**,,** *#.......#* ##.##.#
**,* *#..>..#* ######.## *,*
*#...#* #........ *,* ###s#*
#........ *,* #.♣)# #........
***,**** #.#.#######........
*,,,,,,* ##..................
*,*,**,*##......≈............
*,*,**,*#...≈e≈≈≈≈≈..........
*,*,**,*#..≈≈#≈#≈####........
*,*,,,,....≈≈≈≈≈≈≈≈≈#........
*,****.##..########≈#.....###
*,***#,*#.##.#≈≈≈≈≈≈#######


You could see Dowan and a giant cockroach.

Vanquished Creatures
  Duvessa (D:4)
  A sky beast (D:3)
  Purgy (Sewer)
  An ogre (D:4)
  Crazy Yiuf (D:2)
  A hound (D:4)
  An orc wizard (D:3)
  Natasha (thrice) (D:2)
  Robin (D:3)
  3 river rats (D:4)
  10 adders
  An ooze (D:4)
  An adder skeleton (D:4)
  4 worms
  A leopard gecko (D:4)
  19 orcs
  A giant cockroach (D:2)
  17 goblins
  12 hobgoblins
  4 jackals (D:1)
  7 kobolds
  A quokka (D:4)
  4 ball pythons
  6 bats
  7 frilled lizards
  7 rats
116 creatures vanquished.

Vanquished Creatures (collateral kills)
  A phantom (D:4)
  2 worms (D:4)
3 creatures vanquished.

Grand Total: 119 creatures vanquished

Notes
Turn   | Place    | Note
-------+----------+-------------------------------------------
     0 | D:1      | Charmandara the Octopode Ice Elementalist began the quest
                  | for the Orb.
     0 | D:1      | Reached XP level 1. HP: 11/11 MP: 3/3
   237 | D:1      | Reached XP level 2. HP: 17/17 MP: 1/5
   942 | D:2      | Reached XP level 3. HP: 21/21 MP: 2/6
   995 | D:2      | Noticed Natasha
  1001 | D:2      | Killed Natasha
  1001 | D:2      | Reached skill level 5 in Ice Magic
  1042 | D:2      | Learned a level 3 spell: Frozen Ramparts
  1260 | D:2      | Reached XP level 4. HP: 27/27 MP: 5/7
  1566 | D:2      | Noticed Natasha
  1585 | D:2      | Killed Natasha
  1614 | D:2      | Reached XP level 5. HP: 27/31 MP: 0/9
  1771 | D:2      | Learned a level 3 spell: Ozocubu's Armour
  1850 | D:2      | Found a runed translucent door.
  1851 | D:2      | Noticed Crazy Yiuf
  1864 | D:2      | Killed Crazy Yiuf
  1864 | D:2      | Reached skill level 3 in Spellcasting
  1994 | D:2      | Noticed Natasha
  2000 | D:2      | Killed Natasha
  2000 | D:2      | Reached skill level 6 in Ice Magic
  2164 | D:3      | Noticed a sky beast
  2168 | D:3      | HP: 7/31 [something (5)]
  2171 | D:3      | Killed a sky beast
  2171 | D:3      | Reached XP level 6. HP: 9/36 MP: 6/11
  2400 | D:3      | Learned a level 4 spell: Summon Ice Beast
  2562 | D:3      | Gained mutation: Potions are less effective at restoring
                  | your health. [potion of mutation]
  2562 | D:3      | Lost mutation: Potions are less effective at restoring your
                  | health. [potion of mutation]
  2562 | D:3      | Gained mutation: You are partially covered in thin metallic
                  | scales. (AC +2) [potion of mutation]
  2562 | D:3      | Gained mutation: Your flesh is cold resistant. (rC+)
                  | [potion of mutation]
  2622 | D:3      | Noticed Robin
  2635 | D:3      | Killed Robin
  2635 | D:3      | Reached skill level 4 in Spellcasting
  2883 | D:3      | Found an ancient bone altar of Kikubaaqudgha.
  3087 | D:3      | Became a worshipper of Kikubaaqudgha
  3178 | D:4      | Reached skill level 1 in Summonings
  3320 | D:4      | Noticed a phantom
  3345 | D:4      | Killed a phantom
  3345 | D:4      | Reached XP level 7. HP: 41/41 MP: 0/13
  3372 | D:4      | Reached skill level 2 in Summonings
  3372 | D:4      | Reached skill level 7 in Ice Magic
  3381 | D:4      | Learned a level 4 spell: Hailstorm
  3658 | D:4      | Found a glowing drain.
  3671 | Sewer    | Entered a sewer
  3711 | Sewer    | Reached skill level 1 in Conjurations
  3711 | Sewer    | Reached skill level 1 in Charms
  3758 | Sewer    | Noticed Purgy
  3769 | Sewer    | Killed Purgy
  3800 | Sewer    | Reached * piety under Kikubaaqudgha
  3800 | Sewer    | Identified Kikubaaqudgha's Compendium of Necromancy
                  | (Kikubaaqudgha gifted it to you in a sewer)
  3800 | Sewer    | Received a gift from Kikubaaqudgha
  4050 | D:4      | Noticed Duvessa
  4053 | D:4      | Noticed Dowan
  4069 | D:4      | HP: 8/42 [Duvessa/+0 short sword (5)]
  4071 | D:4      | Killed Duvessa
  4071 | D:4      | Reached skill level 1 in Fighting
  4071 | D:4      | Reached skill level 1 in Staves
  4071 | D:4      | Reached skill level 1 in Necromancy
  4071 | D:4      | Reached XP level 8. HP: 14/48 MP: 12/15
  4071 | D:4      | Killed from afar by Dowan

Levels and vault maps discovered:
D:1:      minmay_arrival_radiant_lines, layout_basic, corexii_corridor_pit
D:2:      layout_basic, uniq_crazy_yiuf_cottage, uniq_natasha
D:3:      layout_loops_cross, lemuel_coloured_pillars_altar,
          chequers_serial_rivers_micro_e, uniq_robin
D:4:      layout_loops_corners, marbit_many_paths, lightli_sewer_entry_pipes,
          uniq_duvessa

Skill      XL: |  1  2  3  4  5  6  7 |
---------------+----------------------+-----
Ice Magic      | 5 6 7 |  7.2
Spellcasting   | 3 4 |  4.8
Summonings     | 1 2 |  2.1
Conjurations   | 1 |  1.0
Charms         | 1 |  1.0
Fighting       | 1 |  1.1
Staves         | 1 |  1.1
Necromancy     | 1 |  1.2
Dodging        | |  2.0
Stealth        | |  2.6

Action                   |  1- 3 |  4- 6 |  7- 9 || total
-------------------------+-------+-------+-------++-------
Melee: Whip              |     3 |       |       ||     3
       Dagger            |     7 |    10 |       ||    17
       Constrict         |     4 |    12 |     7 ||    23
       Tentacles         |     1 |     7 |     2 ||    10
       Quarterstaff      |       |    42 |    44 ||    86
 Fire: Hunting sling     |     1 |       |       ||     1
 Cast: Freeze            |    34 |    36 |       ||    70
       Frozen Ramparts   |       |    11 |     4 ||    15
       Ozocubu's Armour  |       |     3 |     1 ||     4
       Summon Ice Beast  |       |     1 |     3 ||     4
  Use: Scroll            |       |    10 |     4 ||    14
       Potion            |       |     1 |     4 ||     5
 Stab: Sleeping          |     2 |     5 |     6 ||    13
       Invisible         |       |       |     1 ||     1
  Eat: Chunk             |     1 |     8 |     4 ||    13
Armor: Skin              |     5 |     5 |    15 ||    25
Dodge: Dodged            |    27 |    37 |    37 ||   101

Table legend:
 A = Non-vault XP
 B = Vault XP
 C = Vault XP percentage of total XP
 D = Non-vault monster count
 E = Vault monster count
 F = Vault count percentage of total count
                 A         B        C        D         E       F
            +---------+---------+-------+---------+---------+-------
      Total |     733 |     503 |  40.7 |      87 |      32 |  26.9
            +---------+---------+-------+---------+---------+-------
        D:1 |      30 |       0 |   0.0 |      20 |       0 |   0.0
        D:2 |     152 |      75 |  33.0 |      29 |       2 |   6.5
        D:3 |     250 |      36 |  12.6 |      27 |      11 |  28.9
        D:4 |     301 |     230 |  43.3 |      11 |      10 |  47.6
      Sewer |       0 |     162 | 100.0 |       0 |       9 | 100.0
            +---------+---------+-------+---------+---------+-------

Levels and vault maps discovered:
D:1:      minmay_arrival_radiant_lines, layout_basic, corexii_corridor_pit
D:2:      layout_basic, uniq_crazy_yiuf_cottage, uniq_natasha
D:3:      layout_loops_cross, lemuel_coloured_pillars_altar,
          chequers_serial_rivers_micro_e, uniq_robin
D:4:      layout_loops_corners, marbit_many_paths, lightli_sewer_entry_pipes,
          uniq_duvessa

Table legend:
 A = Turns spent in this place as a percentage of turns spent in the entire game.
 B = Non-inter-level travel turns spent in this place as a percentage of non-inter-level travel turns spent in the entire game.
 C = Inter-level travel turns spent in this place as a percentage of turns spent in this place.
 D = Turns resting spent in this place as a percentage of non-inter-level travel turns spent in this place.
 E = Turns spent auto-exploring this place as a percentage of non-inter-level travel turns spent in this place.
 F = Non-inter-level travel turns spent in this place divided by the number of levels of this place that you've seen.
                   A       B       C       D       E      F
               +-------+-------+-------+-------+-------+----------------------
         Total | 100.0 | 100.0 |   3.7 |  29.5 |  39.7 | 784.0
       Dungeon |  91.6 |  91.3 |   4.0 |  30.4 |  39.5 | 895.0
         Sewer |   8.4 |   8.7 |   0.0 |  20.3 |  41.2 | 340.0
               +-------+-------+-------+-------+-------+----------------------

Table legend:
 A = Kills in this place as a percentage of kills in entire the game.
 B = Kills by you in this place as a percentage of kills by you in the entire game.
 C = Kills by friends in this place as a percentage of kills by friends in the entire game.
 D = Other kills in this place as a percentage of other kills in the entire game.
 E = Experience gained in this place as a percentage of experience gained in the entire game.
 F = Experience gained in this place divided by the number of levels of this place that you have seen.
                   A       B       C       D       E      F
               +-------+-------+-------+-------+-------+----------------------
         Total | 100.0 | 100.0 | 100.0 |   N/A | 100.0 | 247.2
       Dungeon |  92.4 |  92.2 | 100.0 |   N/A |  86.9 | 268.5
         Sewer |   7.6 |   7.8 |   0.0 |   N/A |  13.1 | 162.0
               +-------+-------+-------+-------+-------+----------------------
